 Dungeon Sprint DCSS version 0.21.1-1-g345015f (webtiles) character file.

1676 cultivahabas the Martial Artist (level 8, -3/72 HPs)
             Began as a Demonspawn Monk on May 21, 2018.
             Was a Believer of Nemelex Xobeh.
             Killed from afar by an oklob plant (11 damage)
             ... with a splash of acid
             ... in the Dungeon (Sprint I: "Red Sonja").
             The game lasted 00:03:24 (1377 turns).

cultivahabas the Martial Artist (Demonspawn Monk)   Turns: 1377, Time: 00:03:25

Health: -3/72      AC: -2    Str: 13    XL:     8   Next: 70%
Magic:  10/10      EV: 19    Int: 11    God:    Nemelex Xobeh [**....]
Gold:   513        SH:  6    Dex: 17    Spells: 7/7 levels left

rFire    . . .     SeeInvis .     - Unarmed
rCold    . . .     Gourm    .   (no shield)
rNeg     . . .     Faith    .   b - +0 robe
rPois    .         Spirit   .   (no helmet)
rElec    .         Reflect  .   (no cloak)
rCorr    .         Harm     .   (no gloves)
MR       .....     NoTele   +   (no boots)
Stlth    ++........             (no amulet)
HPRegen  0.22/turn              (no ring)
MPRegen  0.12/turn              (no ring)

@: corroded
A: talons 2, large bone plates 2, spiny 2
a: Renounce Religion


You were in the Dungeon.
You worshipped Nemelex Xobeh.
Nemelex Xobeh was pleased with you.
You were hungry.

You visited 1 branch You collected 513 gold pieces.

Inventory:

Hand Weapons
 a - a +0 mace
Armour
 b - a +0 robe (worn)
Wands
 j - a wand of random effects (23)
Scrolls
 i - a scroll of blinking
Potions
 f - a potion of haste
 g - 2 potions of magic
 h - a potion of berserk rage
 m - a potion of ambrosia {unknown}
Miscellaneous
 k - a plain deck of summoning {drawn: 2}
Comestibles
 c - a ration


   Skills:
 + Level 10.2 Fighting
 - Level 6.5 Maces & Flails
 + Level 9.4 Dodging
 - Level 1.7 Stealth
 + Level 10.9 Unarmed Combat
 * Level 3.4 Invocations


You had 7 spell levels left.
You didn't know any spells.

Dungeon Overview and Level Annotations

Branches:
Dungeon (1/1)

Altars:
Cheibriados
Dithmenos
Elyvilon
Fedhas
Gozag
Hepliaklqana
Kikubaaqudgha
Makhleb
Nemelex Xobeh
Okawaru
Qazlal
Ru
Sif Muna
Trog
Uskayaw
Vehumet
Wu Jian
Xom
Yredelemnul
Zin
The Shining One
Jiyva
Lugonu

Shops:
D *

Annotations:
D exclusion: oklob plant


Innate Abilities, Weirdness & Mutations

You have razor-sharp toenails.
You are mostly covered in large bone plates. (SH +6)
You are mostly covered in sharp spines.


Message History

An oklob plant comes into view.
The oklob plant spits acid at you. The splash of acid hits you!
The acid corrodes you!
You are splashed with acid!
The acid burns!
The oklob plant spits acid at you. The splash of acid hits you!
You are splashed with acid!
The acid burns!
* * * LOW HITPOINT WARNING * * *
There is an open door here.
You feel much better. The oklob plant spits acid at you.
The splash of acid hits you!
You are splashed with acid!
The acid burns!
* * * LOW HITPOINT WARNING * * *
You hit the oklob plant.
You claw the oklob plant, but do no damage.
You punch the oklob plant.
The oklob plant is lightly damaged.
The oklob plant spits acid at you. The splash of acid hits you!
You die...
Your body glows slightly and disappears.

############
).#.)'..#__#
..'..#..'^J+
#'#####'#__####
..#...#!####(.####
###..##(#§)§§.#§§#
__##'#§.§§§§..§§.#
...'...§#§)§§§#§.#
__##_.#'##+#####@#
__###'#|# #P+
#####)### ###
...'...+ ####...#
##.## #+#


You could see an oklob plant.

Vanquished Creatures
  A centaur warrior (D)
  Sonja (D)
  A hornet (D)
  Sigmund (D)
  A yak (D)
  An ogre (D)
  A jelly (D)
  Ijyb (D)
8 creatures vanquished.

Vanquished Creatures (collateral kills)
  A centaur warrior (D)
1 creature vanquished.

Vanquished Creatures (others)
  A gargoyle (D)
1 creature vanquished.

Grand Total: 10 creatures vanquished

Notes
Turn   | Place    | Note
-------+----------+-------------------------------------------
     0 | D        | cultivahabas the Demonspawn Monk began the quest for the Orb.
     0 | D        | Reached XP level 1. HP: 18/18 MP: 1/1
     2 | D        | Noticed Ijyb
    28 | D        | Killed Ijyb
    28 | D        | Gained mutation: You have sharp toenails. [demonic ancestry]
    28 | D        | Reached XP level 2. HP: 8/25 MP: 2/2
   143 | D        | Killed a gargoyle
   283 | D        | Noticed an ogre
   294 | D        | Killed an ogre
   294 | D        | Reached skill level 5 in Fighting
   294 | D        | Gained mutation: You have razor-sharp toenails. [demonic ancestry]
   294 | D        | Reached XP level 3. HP: 33/33 MP: 3/3
   294 | D        | Gained mutation: You are partially covered in large bone plates. (SH +4) [demonic ancestry]
   294 | D        | Reached XP level 4. HP: 39/39 MP: 4/4
   377 | D        | Noticed Sigmund
   399 | D        | Killed Sigmund
   399 | D        | Reached skill level 5 in Unarmed Combat
   399 | D        | Gained mutation: You are partially covered in sharp spines. [demonic ancestry]
   399 | D        | Reached XP level 5. HP: 3/47 MP: 5/5
   399 | D        | Gained mutation: You are mostly covered in large bone plates. (SH +6) [demonic ancestry]
   399 | D        | Reached XP level 6. HP: 3/53 MP: 6/6
   779 | D        | Found a burning altar of Makhleb.
   779 | D        | Found a viscous altar of Jiyva.
   779 | D        | Found a shimmering altar of Xom.
   779 | D        | Found a corrupted altar of Lugonu.
   779 | D        | Noticed a slime creature
   781 | D        | Found an ornate altar of the Wu Jian Council.
   781 | D        | Found a deep blue altar of Sif Muna.
   785 | D        | Found a radiant altar of Vehumet.
   807 | D        | Found Jupufil's Assorted Antiques.
   807 | D        | Found an ancient bone altar of Kikubaaqudgha.
   807 | D        | Found a hazy altar of Hepliaklqana.
   807 | D        | Found a hide-covered altar of Uskayaw.
   807 | D        | Found a basalt altar of Yredelemnul.
   807 | D        | Found an opulent altar of Gozag.
   807 | D        | Found a snail-covered altar of Cheibriados.
   807 | D        | Found a sacrificial altar of Ru.
   807 | D        | Found a shadowy altar of Dithmenos.
   807 | D        | Noticed a yak
   808 | D        | Found a stormy altar of Qazlal.
   808 | D        | Found a blossoming altar of Fedhas.
   808 | D        | Found a bloodstained altar of Trog.
   808 | D        | Found an iron altar of Okawaru.
   808 | D        | Found a glowing golden altar of the Shining One.
   808 | D        | Found a glowing silver altar of Zin.
   808 | D        | Found a white marble altar of Elyvilon.
   820 | D        | Killed a yak
   821 | D        | Found a sparkling altar of Nemelex Xobeh.
   824 | D        | Became a worshipper of Nemelex Xobeh the Trickster
   824 | D        | Received a gift from Nemelex Xobeh
   824 | D        | Reached * piety under Nemelex Xobeh
   824 | D        | Reached ** piety under Nemelex Xobeh
   831 | D        | Noticed Sonja
   841 | D        | Killed Sonja
   841 | D        | Reached XP level 7. HP: 20/64 MP: 7/7
  1070 | D        | Noticed a centaur warrior
  1075 | D        | Noticed a centaur warrior
  1085 | D        | Killed a centaur warrior
  1085 | D        | Gained mutation: You are mostly covered in sharp spines. [demonic ancestry]
  1085 | D        | Reached XP level 8. HP: 71/71 MP: 8/8
  1090 | D        | Killed a centaur warrior
  1090 | D        | Reached skill level 10 in Fighting
  1090 | D        | Reached skill level 10 in Unarmed Combat
  1167 | D        | Noticed a hornet
  1175 | D        | Killed a hornet
  1374 | D        | Noticed an oklob plant
  1377 | D        | Killed from afar by an oklob plant

Skill      XL: |  1  2  3  4  5  6  7  8 |
---------------+-------------------------+-----
Fighting       | 4 5 6 9 10 | 10.2
Maces & Flails | 4 6 |  6.5
Dodging        | 3 4 6 8 9 |  9.4
Unarmed Combat | 5 9 10 | 10.9
Invocations    | 3 |  3.4
Stealth        | |  1.7

Action                   |  1- 3 |  4- 6 |  7- 9 || total
-------------------------+-------+-------+-------++-------
Melee: Mace              |    35 |       |       ||    35
       Kick              |     2 |    14 |     3 ||    19
       Unarmed           |       |    36 |     8 ||    44
       Punch             |       |       |     1 ||     1
Evoke: Deck              |       |     1 |     1 ||     2
  Use: Potion            |       |       |     2 ||     2
 Stab: Sleeping          |     1 |       |       ||     1
  Eat: Chunk             |       |       |     1 ||     1
Armor: Robe              |     5 |       |       ||     5
Dodge: Dodged            |    22 |    25 |     8 ||    55
Block: Other             |       |     4 |     4 ||     8
